 Dungeon Crawl Stone Soup version 0.25-a0-42-g6c54e25894 (webtiles) character file.

Game seed: 3808857356209702649, levelgen mode: deterministic

8 Alarkh the Skirmisher (level 2, 21/24 HPs)
             Began as a Demonspawn Fighter on Oct 22, 2019.
             Got out of the dungeon alive.
             The game lasted 00:00:16 (589 turns).

Alarkh the Skirmisher (Demonspawn Fighter)           Turns: 589, Time: 00:00:17

Health: 21/24      AC:  7    Str: 16    XL:     2   Next: 0%
Magic:  2/2        EV:  6    Int:  9    God:
Gold:   21         SH:  8    Dex: 12    Spells: 1/1 levels left

rFire    . . .     SeeInvis .   a - +0 long sword
rCold    . . .     Gourm    .   c - +0 shield
rNeg     . . .     Faith    .   b - +0 scale mail
rPois    .         Spirit   .   (no helmet)
rElec    .         Reflect  .   (no cloak)
rCorr    .         Harm     .   (no gloves)
MR       .....                  (no boots)
Stlth    ..........             (no amulet)
HPRegen  0.08/turn              (no ring)
MPRegen  0.08/turn              (no ring)

@: no status effects
A: rugged brown scales 1
a: no special abilities


You escaped.
You were not hungry.

You visited 1 branch of the dungeon, and saw 1 of its levels.

You collected 21 gold pieces.

Inventory:

Hand Weapons
 a - a +0 long sword (weapon)
Armour
 b - a +0 scale mail (worn)
 c - a +0 shield (worn)
Scrolls
 e - 3 scrolls of identify {unknown}
 j - a scroll of fear {unknown}
 k - 2 scrolls of teleportation {unknown}
Potions
 d - a potion of might
 h - a potion of brilliance {unknown}
 i - a potion of resistance {unknown}
 l - a potion of flight {unknown}
Comestibles
 f - 2 rations


   Skills:
 - Level 3.0 Fighting
 + Level 2.5 Long Blades
 - Level 2.6 Armour
 - Level 2.6 Shields


You had one spell level left.
You didn't know any spells.
Your spell library was empty.

Dungeon Overview and Level Annotations

Branches:
Dungeon (1/15)

Altars:


Innate Abilities, Weirdness & Mutations

You are partially covered in rugged brown scales. (AC +1, +3% HP)


Message History

You closely miss the bat. The bat hits you but does no damage.
A bat is nearby!
You block the bat's attack.
A bat is nearby!
The bat hits you but does no damage.
A bat is nearby!
You closely miss the bat. The bat completely misses you.
The bat closely misses you.
A bat is nearby!
The bat barely misses you.
A bat is nearby!
You slash the bat!
You kill the bat!
You have reached level 2!
Your demonic ancestry asserts itself...
Rugged brown scales grow over part of your body.
There is an open door here.
There is a staircase leading out of the dungeon here.
Are you sure you want to leave the Dungeon?
This will make you lose the game!
You have escaped!

#.......##...........# #.#.##
#.......'.......####.# #.#...
##......#######......#####'####
#......# #####.(##......#
#......###########..##......##
#........#.#.#.#.#..##......'.
#####...รท.#.#.#.#.(.##......##
#...[#.#.#.#....##......#
#.....#.#@#.######......#
#....#.#.#.#.# #......#
############.#.#.#.## #......#
.........# ##.#.#.#.# ########
.........# #.#.#.#.##
.........# ######### .........#
.........# .........#


There were no monsters in sight!

Vanquished Creatures
  A goblin (D:1)
  5 bats (D:1)
  A frilled lizard (D:1)
  2 kobolds (D:1)
  A rat (D:1)
10 creatures vanquished.

Notes
Turn   | Place    | Note
-------+----------+-------------------------------------------
     0 | D:1      | Alarkh the Demonspawn Fighter began the quest for the Orb.
     0 | D:1      | Reached XP level 1. HP: 18/18 MP: 1/1
   546 | D:1      | Gained mutation: You are partially covered in rugged brown
                  | scales. (AC +1, +3% HP) [demonic ancestry]
   546 | D:1      | Reached XP level 2. HP: 18/24 MP: 2/2
   589 | D:$      | Got out of the dungeon alive.

Levels and vault maps discovered:
D:1:      lightli_arrival_chessboard, layout_basic, grunt_decor_arrowhead,
          minmay_liquid_box

Skill      XL: |  1 |
---------------+----+-----
Long Blades    | 2 |  2.5
Fighting       | |  3.0
Armour         | |  2.6
Shields        | |  2.6

Action                   || total
-------------------------++-------
Melee: Long sword        ||    30
Armor: Scale mail        ||    22
Dodge: Dodged            ||    10
Block: Shield            ||    18
       Rpst.: Long sword ||     4

Table legend:
 A = Non-vault XP
 B = Vault XP
 C = Vault XP percentage of total XP
 D = Non-vault monster count
 E = Vault monster count
 F = Vault count percentage of total count
                 A         B        C        D         E       F
            +---------+---------+-------+---------+---------+-------
      Total |      12 |       0 |   0.0 |      10 |       0 |   0.0
            +---------+---------+-------+---------+---------+-------
        D:1 |      12 |       0 |   0.0 |      10 |       0 |   0.0
            +---------+---------+-------+---------+---------+-------
